Map: Rainfall LE

Players

ratgameplay (uThermal)

  • Race: Terran Terran
  • League: Grandmaster
  • Spawn Location: 5:00

Serral - Winner!

  • Race: Zerg Zerg
  • League: Master
  • Spawn Location: 11:00

Event: HomeStory Cup XXIX

VOD

Have the link to the VOD?

Description

Time

  • Played on: July 4, 2026, 8:25 a.m.
  • Length: 9:15

All games in this series

Show
View Real Time Build Order
Export as new Build Order

ratgameplay Terran 

Build Orders: Reaper Expand 

Get SALT Encoding   

  8  0:00  SCV  
  9  0:12  SCV  
  10  0:24  SCV  
  11  0:36  SCV  
  11  0:40  Supply Depot  
  12  0:48  SCV  
  13  1:04  Barracks  
  13  1:08  Engineering Bay  
  13  1:14  Refinery  
  13  1:19  SCV  
  14  1:31  SCV  
  15  1:43  SCV  
  16  1:55  Orbital Command  
  16  1:58  Reaper  
  16  2:20  Command Center  
  16  2:22  SCV  
  17  2:32  Barracks Reactor  
  17  2:34  SCV  
  18  2:37  Supply Depot  
  18  2:46  SCV  
  19  2:53  Factory  
  19  2:58  SCV  
  20  3:09  Marine x2  
  20  3:11  SCV  
  23  3:23  SCV  
  24  3:27  Marine x2  
  24  3:32  Orbital Command  
  26  3:35  SCV  
  27  3:41  Starport  
  27  3:47  SCV  
  28  3:53  Hellion x2, Orbital Command  
  32  3:57  Barracks Tech Lab  
  32  3:59  SCV  
  33  4:11  SCV  
  34  4:17  Command Center  
  34  4:21  SCV  
  34  4:23  SCV  
  36  4:26  Banshee  
  39  4:32  Supply Depot  
  39  4:33  SCV  
  39  4:35  SCV  
  41  4:49  SCV  
  41  4:50  Barracks x2  
  41  4:51  Factory Reactor  
  42  4:54  Marine, SCV  
  44  5:01  SCV, Supply Depot  
  44  5:06  Refinery, SCV  
  45  5:07  Refinery  
  45  5:10  Refinery  
  45  5:13  SCV  
  46  5:18  SCV  
  46  5:19  Marine, Stimpack  
  48  5:25  Engineering Bay, SCV  
  49  5:31  SCV, Orbital Command  
  50  5:36  Marine  
  50  5:38  SCV  
  50  5:39  Marine x2  
  54  5:43  Starport Reactor  
  54  5:46  Factory Tech Lab, SCV  
  55  5:50  SCV  
  56  5:57  Barracks  
  56  6:00  Barracks  
  56  6:01  Marine x3  
  59  6:05  SCV x2, Orbital Command  
  59  6:06  Marine  
  59  6:10  Terran Infantry Weapons Level 1  
  59  6:11  Marine  
  62  6:17  SCV  
  64  6:19  Supply Depot  
  64  6:21  SCV  
  64  6:22  Marine  
  64  6:24  Supply Depot, Marine  
  67  6:25  Marine  
  67  6:31  Siege Tank  
  71  6:41  Marine x2, SCV x3  
  71  6:42  Marine x2  
  71  6:43  Supply Depot  
  78  6:47  Marine  
  78  6:53  Supply Depot, SCV x2, Barracks Reactor x2  
  81  6:56  Medivac  
  81  6:59  SCV  
  81  7:00  Medivac  
  81  7:01  Marine  
  87  7:05  Marine, SCV  
  87  7:07  Siege Tank  
  92  7:08  Marine  
  92  7:10  Combat Shield  
  92  7:13  SCV  
  92  7:14  Marine  
  95  7:17  SCV  
  95  7:18  Marine x2  
  95  7:22  Supply Depot  
  98  7:23  Marine  
  98  7:28  Marine  
  100  7:30  Medivac  
  100  7:32  Marine  
  100  7:35  Supply Depot, SCV  
  104  7:37  Supply Depot  
  104  7:39  SCV, Siege Tank, Marine  
  104  7:40  Marine  
  110  7:45  Supply Depot  
  110  7:49  Marine x2  
  110  7:51  Marine  
  110  7:52  Supply Depot  
  110  7:53  Marine x2  
  110  7:54  Marine, Marauder  
  110  7:56  Medivac  
  118  8:00  SCV, Medivac  
  118  8:02  Marine, SCV  
  123  8:08  Marine  
  123  8:11  Marine  
  124  8:16  Marauder  
  117  8:21  Marine x2  
  117  8:22  Marine, SCV  
  117  8:23  SCV  
  117  8:25  Marine x3  
  117  8:26  Marine  
  126  8:29  Marine  
  126  8:31  SCV  
  128  8:37  Marauder  
  128  8:39  Marine x3  
  133  8:42  Marine  
  133  8:43  Marine x2  
  133  8:44  Marine  
  133  8:46  Marine  
Show
View Real Time Build Order
Export as new Build Order

Serral Zerg - Winner!

Build Orders: Pool First 

Get SALT Encoding   

  8  0:00  Drone  
  9  0:10  Drone  
  10  0:16  Drone  
  11  0:26  Overlord  
  11  0:32  Drone  
  12  0:45  Drone x2  
  14  0:51  Drone  
  15  1:00  Drone  
  16  1:07  Spawning Pool  
  15  1:12  Drone  
  15  1:18  Extractor  
  15  1:20  Drone  
  16  1:32  Drone  
  17  1:53  Queen  
  19  1:55  Zergling x2  
  19  1:57  Overlord  
  20  2:19  Hatchery  
  19  2:23  Drone  
  20  2:30  Metabolic Boost  
  20  2:35  Drone  
  21  2:42  Drone  
  22  2:47  Queen  
  24  2:54  Overlord  
  24  2:56  Drone  
  25  2:59  Drone  
  25  3:04  Drone  
  27  3:06  Drone  
  28  3:13  Drone x2  
  30  3:33  Drone  
  31  3:34  Spore Crawler, Drone x2  
  31  3:39  Drone x2  
  35  3:50  Hatchery  
  35  3:54  Overlord  
  34  4:00  Queen  
  36  4:03  Drone  
  36  4:04  Drone  
  36  4:06  Drone  
  36  4:07  Drone  
  40  4:11  Overlord  
  40  4:14  Drone  
  40  4:15  Drone  
  43  4:17  Drone  
  43  4:22  Roach Warren  
  42  4:25  Drone  
  43  4:33  Zergling x8  
  47  4:39  Overlord  
  47  4:43  Extractor  
  47  4:45  Drone x3  
  48  4:46  Drone  
  48  4:52  Queen  
  52  4:56  Overlord  
  52  5:03  Queen  
  52  5:05  Drone x3  
  52  5:06  Drone  
  58  5:11  Drone x4  
  62  5:17  Overlord  
  62  5:20  Lair  
  62  5:24  Drone x2  
  63  5:29  Spore Crawler  
  63  5:31  Spore Crawler  
  63  5:32  Spore Crawler, Drone  
  63  5:35  Drone x2  
  63  5:41  Drone x3  
  66  5:44  Evolution Chamber  
  66  5:46  Overlord  
  66  5:47  Drone x2  
  67  5:51  Drone x2  
  67  5:55  Roach x2  
  74  5:57  Roach  
  74  5:59  Roach  
  74  6:01  Drone  
  74  6:02  Drone x2  
  79  6:04  Overlord  
  79  6:08  Roach x2  
  79  6:10  Zerg Ground Armor Level 1  
  83  6:12  Extractor  
  83  6:14  Drone x3  
  85  6:19  Overseer  
  85  6:21  Glial Reconstitution  
  85  6:23  Overseer, Extractor  
  85  6:27  Overlord  
  85  6:29  Roach  
  85  6:30  Drone  
  85  6:31  Drone x2  
  90  6:37  Drone x4  
  94  6:40  Extractor  
  94  6:41  Extractor  
  94  6:45  Drone x4  
  93  6:49  Hatchery  
  93  6:51  Drone x2  
  93  6:52  Drone  
  95  6:56  Infestation Pit  
  95  6:58  Baneling Nest  
  95  7:00  Drone  
  95  7:01  Drone x2  
  95  7:07  Roach x6, Evolution Chamber  
  106  7:10  Overlord  
  106  7:13  Overlord  
  106  7:14  Overlord x2  
  106  7:18  Overlord  
  106  7:32  Roach x4  
  106  7:33  Roach x2  
  106  7:35  Hive  
  118  7:42  Roach  
  118  7:43  Centrifugal Hooks  
  120  7:44  Zergling x12  
  120  7:47  Zergling x6  
  129  7:54  Zergling x8  
  133  8:00  Drone x3  
  133  8:01  Drone  
  133  8:05  Zergling x6  
  140  8:10  Overlord, Zergling x4  
  141  8:13  Zergling x2  
  141  8:16  Zergling x6  
  140  8:25  Drone  
  140  8:26  Overlord x2  
  141  8:27  Drone x2  
  141  8:28  Ravager x3  
  141  8:29  Zergling x6  
  149  8:34  Zergling x12  
  149  8:40  Baneling x15  
  155  8:41  Zergling x6  
  155  8:43  Ravager x2  
  155  8:47  Roach  
  161  8:48  Roach  
  161  8:55  Roach x8  
Tags
 
Add a new tag
Caveats
  • Supply blocks, unpowered buildings, or Contaminate may cause inaccurate times.
  • Supply counts are checked every 10 seconds.